down, neutral male human Tourist -------- |....?.- |......| ------------ |.<..... +..........| .).....| |..........| -----.-- ------ ..........| .....|# # |..........| |*.).-####...........| o -....|# # -.---------- ----)-[## ##### ### # ##### ### # ### # ## ### #@ # -q-.- |(D.| |...| ----- down the Excursionist Experience level: 8 Strength: 13 Dexterity: 17 Constitution: 16 Intelligence: 12 Wisdom: 9 Charisma: 17 Health: 0(54) Energy: 33(33) Def: 11 Gold: 1606 Moves: 12278 Dungeon seed: RRJt8X_5gr4G0oHr Game ID: down_1530621235 Your Inventory: Coins $ - 1606 gold pieces Amulets A - a blessed amulet of reflection (being worn) Weapons a - 11 +2 darts d - 5 blessed +0 daggers C - 13 +0 daggers (in quiver) E - 32 +0 darts F - the +0 Sting (weapon in hand) G - 10 cursed +0 darts P - 5 +1 daggers U - a blessed poisoned +0 dart Armor e - an uncursed +0 Hawaiian shirt (being worn) n - a blessed +1 alchemy smock (being worn) u - an uncursed rotted +0 pair of jumping boots (being worn) H - an uncursed +0 helmet I - an uncursed +0 dwarvish mithril-coat (being worn) K - a blessed +0 dwarvish roundshield (being worn) Y - an uncursed rusty +1 helm of telepathy (being worn) Comestibles b - an uncursed lembas wafer h - an uncursed orange s - 3 uncursed bananas D - an uncursed candy bar M - an uncursed pear O - an uncursed lizard corpse W - an uncursed slime mold Scrolls k - 3 uncursed scrolls of magic mapping w - 4 uncursed scrolls of blank paper J - a cursed scroll of blank paper L - an uncursed scroll of food detection Potions c - an uncursed potion of blindness f - a potion of unholy water j - an uncursed potion of sickness p - an uncursed potion of water Q - an uncursed potion of polymorph V - an uncursed potion of gain energy Rings t - an uncursed ring of cold resistance x - an uncursed ring of invisibility z - an uncursed ring of levitation B - an uncursed ring of levitation S - an uncursed ring of poison resistance T - an uncursed ring of conflict Wands R - a wand of magic missile (0:0) Tools l - an expensive camera (0:33) m - an uncursed credit card v - an uncursed mirror Z - an uncursed blindfold Gems g - 2 uncursed worthless pieces of violet glass i - 2 uncursed worthless pieces of red glass o - an uncursed worthless piece of orange glass q - 2 uncursed worthless pieces of white glass r - an uncursed jasper stone y - 3 uncursed worthless pieces of blue glass N - an uncursed flint stone X - an uncursed worthless piece of black glass Spells and supernatural/magical abilities: Name Level Category Fail Memory W - pray for help -- divine ? -- Y - supernatural jump -- ability ? -- Your skills at the end: Fighting Skills Weapon Skills dagger [Expert] axe [Basic] dart [Basic] Spellcasting Skills Final Attributes: You were piously aligned. You were poison resistant. You were acid resistant. You were telepathic. You were aware of the presence of orcs. You could jump. You had reflection. You are dead. Vanquished creatures: a shocking sphere a tengu a wraith 2 leather golems a watchman a chameleon a crocodile 2 lynxes a leprechaun an iron piercer 2 giant spiders an ice vortex a yeti 4 lizards a jaguar a dwarf lord a blue jelly 3 gnome mummies a rope golem 4 fire ants 2 bugbears 2 imps a quasit 3 wood nymphs a water nymph a mountain nymph 2 Mordor orcs 4 Uruk-hai 4 rock piercers 5 yellow lights a shrieker 6 gnome lords 3 gnomish wizards 2 gray oozes 5 elf zombies 2 paper golems 5 giant ants 6 floating eyes 2 kittens 11 dwarves 4 homunculi 2 kobold shamans a hill orc 4 rothes 2 rabid rats a centipede 2 giant bats 2 monkeys an orc zombie a wererat a werejackal 4 iguanas an acid blob a coyote 2 gas spores 6 hobbits 2 large kobolds 3 hobgoblins 5 giant rats 7 cave spiders 5 yellow molds a red mold 39 gnomes 2 gnome zombies 4 geckos 9 jackals 7 foxes 2 kobolds 2 goblins 6 sewer rats 12 grid bugs 8 bats 8 lichens 3 kobold zombies 9 newts 268 creatures vanquished. Voluntary challenges: You had been an atheist until turn 2563. You used a wielded weapon 195 times, starting on turn 2172. You read items or engraved 6 times, starting on turn 4217. You never genocided any monsters. You never polymorphed an object. You never changed form. You used no wishes. You never split a pudding. You wrote Elbereth's name 1 time, starting on turn 6772. You violated your moral code, losing 36 points of alignment, starting on turn 7026. Dungeon overview: The Dungeons of Doom: levels 1 to 9 Level 1 a long staircase Level 2 a fountain Level 3 a jewelry store, some fountains Level 4 an armor shop, an altar to The Lady, some fountains stairs to The Gnomish Mines Level 5 an altar to Blind Io, a fountain, a sink Level 6 a fountain Level 7 some fountains Level 8 many fountains Level 9 <- You were here The Gnomish Mines: levels 5 to 8 Level 5 stairs to The Dungeons of Doom Level 6 Level 7 some shops, a temple to The Lady, some fountains, a sink Level 8 History has recorded: On T:1 you entered the Dungeons of Doom to retrieve the Amulet of Yendor! On T:24 you reached level 2 of The Dungeons of Doom. On T:645 you advanced to experience level 2. On T:1292 you reached level 3 of The Dungeons of Doom. On T:1294 you advanced to experience level 3. On T:2063 you advanced to experience level 4. On T:2537 you reached level 4 of The Dungeons of Doom. On T:3285 you received Cleaver from The Lady. On T:3430 you reached level 5 of The Dungeons of Doom. On T:3758 you advanced to experience level 5. On T:4190 you reached level 6 of The Dungeons of Doom. On T:5085 you reached level 1 of The Gnomish Mines. On T:5286 you advanced to experience level 6. On T:5942 you reached level 2 of The Gnomish Mines. On T:6824 you reached level 3 of The Gnomish Mines. On T:7007 you advanced to experience level 7. On T:8553 you reached level 4 of The Gnomish Mines. On T:8692 you advanced to experience level 8. On T:11113 you reached level 7 of The Dungeons of Doom. On T:11385 you reached level 8 of The Dungeons of Doom. On T:12163 you reached level 9 of The Dungeons of Doom. Score breakdown: Gold: 1080 (10320 points) Experience: 8 levels (14739 points) Exploration: 9 levels ( 18.37%) (12247 points) Discoveries: 12 items ( 4.03%) ( 6020 points) Valuables value: (no points given unless you survive) Artifact value: 800 ( 9877 points) Variety of kills: 75 monsters ( 19.69%) (13310 points) Turncount: 12278 turns (-2681 points) Survival: died (score multiplied by 80%) Total score: 51065 Latest messages: Your knapsack cannot accommodate any more items. You displace your baby gray dragon. You hear a hill orc reading a scroll of teleportation. You have a little trouble lifting $ - 342 gold pieces. There are a few more objects here. Your knapsack cannot accommodate any more items. You see here a scroll labeled VERR YED HORRE. You drop a partly used candle (0:37). You have a little trouble lifting L - a scroll labeled VERR YED HORRE. Never mind. The magic missile hits the minotaur! You feel an absence of magical power. The baluchitherium hits! (4x) The baby gray dragon picks up a partly used candle (0:37). The baby gray dragon drops a partly used candle (0:37). The baluchitherium hits! (2x) You die... Final status: Aloha down the Tourist, killed by a baluchitherium... You died in The Dungeons of Doom on dungeon level 9 with 51065 points, and 1606 pieces of gold, after 12278 moves. You were level 8 with a maximum of 54 hit points when you died.